 Dungeon Crawl Stone Soup version 0.31-a0-1074-g0b22e4e0f1 (webtiles) character file.

Game seed: 5938068195666567538

109355 Zeldest the Black Belt (level 16, -6/149 HPs)
             Began as a Black Draconian Shapeshifter on Oct 25, 2023.
             Was a Priest of Ashenzari.
             Mangled by a six-headed hydra (19 damage)
             ... called by a spriggan druid
             ... on level 1 of the Swamp on Dec 7, 2023.
             The game lasted 01:08:48 (25267 turns).

Zeldest the Black Belt (DrSh)                      Turns: 25267, Time: 01:08:49

Health: -6/149     AC: 13    Str: 17    XL:     16   Next: 4%
Magic:  24/24      EV: 23    Int: 11    God:    Ashenzari [***...]
Gold:   1417       SH:  0    Dex: 18    Spells: 22/26 levels left

rFire   . .          .
                       - Unarmed
rCold   . . .        (no shield)
rNeg    + . .        (body armour unavailable)
rPois   .            (helmet restricted)
rElec   +            I - +0 cloak of the Elysian God {Elem, Self} (curse)
rCorr   .            D - +2 pair of gloves "Tethered With Me" {hurl, Cun, Melee} (curse)
SInv    +            (no boots)
Will    ++++.        J - amulet of the Four Winds {rN+ Will+++ Clar}
Stlth   ++           h - ring of Ashenzari's Repose {EV+5, Fort, Cun} (curse)
HPRegen 0.44/turn    R - ring of the Visionary Comet {Slay+4, Self, Cun} (curse)
MPRegen 0.19/turn

%: clarity
@: maw-form, flying
A: devouring maw, flying, breathe lightning, AC +9, unfitting armour, big wings,
electricity resistance, cold-blooded
a: Breathe Lightning, Begin Untransformation, Renounce Religion, Curse Item,
Shatter the Chains


You were on level 1 of the Swamp.
You worshipped Ashenzari.
Ashenzari was most pleased with you.
You were a creature with a mouth for a stomach.
You visited 4 branches of the dungeon, and saw 23 of its levels.

You collected 3447 gold pieces.
You spent 2030 gold pieces at shops.

Inventory:

Missiles
 y - 4 throwing nets
Armour
 o - a +0 tower shield
 D - the cursed +2 pair of gloves "Tethered With Me" (worn) {hurl, Cun, Melee}
   (You bought it in a shop on level 6 of the Dungeon)

   It has a curse which improves the following skills: Cunning: Dodging and
   Stealth.
   Melee Combat: Short Blades, Long Blades, Axes, Maces & Flails, Polearms,
   Staves and Unarmed Combat.
 I - the cursed +0 cloak of the Elysian God (worn) {Elem, Self}
   (You found it on level 13 of the Dungeon)

   It has a curse which improves the following skills: Elements: Fire Magic, Ice
   Magic, Air Magic and Earth Magic.
   Introspection: Fighting and Spellcasting.
Jewellery
 h - the cursed ring of Ashenzari's Repose (left hand) {EV+5, Fort, Cun}
   (You found it on level 1 of the Dungeon)

   [ring of evasion]

   EV+5:      It affects your evasion (+5).
   It has a curse which improves the following skills: Fortitude: Shields.
   Cunning:   Dodging and Stealth.
 J - the amulet of the Four Winds (around neck) {rN+ Will+++ Clar}
   (You found it on level 5 of the Lair of Beasts)

   [amulet of nothing]

   rN+:       It protects you from negative energy.
   Will+++:   It greatly increases your willpower.
   Clar:      It protects you from confusion, rage, mesmerisation and fear.
 R - the cursed ring of the Visionary Comet (right hand) {Slay+4, Self, Cun}
   (You found it on level 11 of the Dungeon)

   [ring of slaying]

   Slay+4:    It affects your accuracy & damage with ranged weapons and melee
   (+4).
   It has a curse which improves the following skills: Introspection: Fighting
   and Spellcasting.
   Cunning:   Dodging and Stealth.
 S - a ring of fire
 W - a ring of willpower
Talismans
 b - a beast talisman
 c - a flux talisman
 n - a maw talisman (active)
 q - a serpent talisman
 w - a talisman of death
 P - a blade talisman
Wands
 r - a wand of flame (34)
 t - a wand of charming (13)
 E - a wand of polymorph (10)
 L - a wand of iceblast (11)
 N - a wand of mindburst (14)
Scrolls
 d - 4 scrolls of amnesia
 f - 3 scrolls of fear
 g - 5 scrolls of noise
 j - 4 scrolls of vulnerability
 k - 3 scrolls of enchant armour
 p - 6 scrolls of fog
 s - 4 scrolls of poison
 v - a scroll of revelation
 x - 4 scrolls of immolation
 B - 3 scrolls of torment
 C - 5 scrolls of blinking
 F - 5 scrolls of teleportation
 G - a scroll of brand weapon
 M - a scroll of silence
Potions
 a - 5 potions of lignification
 e - 7 potions of curing
 i - 3 potions of invisibility
 l - 5 potions of berserk rage
 m - a potion of cancellation
 u - 3 potions of might
 z - 6 potions of enlightenment
 A - 3 potions of haste
 H - 4 potions of brilliance
 K - 4 potions of mutation
 O - 3 potions of resistance
 U - a potion of ambrosia
 X - 2 potions of attraction


   Skills:
 - Level 13.5(15.6) Fighting
 - Level 6.2(9.2) Dodging
 - Level 16.6(18.0) Unarmed Combat
 - Level 3.9(5.9) Spellcasting
 - Level 6.4 Summonings
 - Level 8.4(10.0) Air Magic
 + Level 16.1 Shapeshifting


You had 22 spell levels left.
You knew the following spells:

 Your Spells              Type           Power      Damage    Failure   Level
a - Summon Lightning Spi  Summ/Air       21%        N/A       7%          4

Your spell library contained the following spells:

 Spells                   Type           Power      Damage    Failure   Level
 Summon Small Mammal      Summ           68%        N/A       1%          1
 Swiftness                Air            25%        N/A       1%          3
 Shock                    Conj/Air       56%        1d6       2%          1
 Airstrike                Air            12%        2d(2-18)  3%          4
 Call Canine Familiar     Summ           17%        N/A       4%          3
 Summon Guardian Golem    Hex/Summ       10%        N/A       16%         3
 Freeze                   Ice            12%        1d3       19%         1
 Sandblast                Erth           6%         2d5       19%         1
 Apportation              Tloc           6%         N/A       21%         1
 Necrotise                Necr           12%        1d4       21%         1
 Passwall                 Tmut/Erth      2%         N/A       28%         2
 Summon Ice Beast         Ice/Summ       10%        N/A       45%         4
 Frozen Ramparts          Ice            6%         1d1       47%         3
 Ozocubu's Armour         Ice            3%         N/A       47%         3
 Hailstorm                Conj/Ice       3%         3d3       50%         3
 Stone Arrow              Conj/Erth      6%         3d7       50%         3
 Summon Mana Viper        Hex/Summ       10%        N/A       82%         5
 Brom's Barrelling Bould  Conj/Erth      3%         2d3       88%         4
 Anguish                  Hex/Necr       1%         N/A       89%         4
 Cause Fear               Hex            1%         N/A       89%         4
 Alistair's Intoxication  Tmut/Pois      2%         N/A       99%         5
 Borgnjor's Vile Clutch   Necr/Erth      1%         N/A       99%         5
 Iskenderun's Battlesphe  Conj           3%         2d6       99%         5
 Lee's Rapid Deconstruct  Erth           1%         3d4*      99%         5
 Metabolic Englaciation   Hex/Ice        1%         N/A       99%         5
 Bombard                  Conj/Erth      1%         9d1       100%        6
 Eringya's Noxious Bog    Tmut/Pois      1%         4d6       100%        6
 Simulacrum               Ice/Necr       1%         N/A       100%        6
 Enfeeble                 Hex            1%         N/A       100%        7
 Monstrous Menagerie      Summ           8%         N/A       100%        7
 Ozocubu's Refrigeration  Ice            1%         4d7       100%        7
 Spellforged Servitor     Conj/Summ      5%         N/A       100%        7
 Lehudib's Crystal Spear  Conj/Erth      1%         10d2      100%        8
 Animate Armour           Summ/Erth      Unusable   N/A       N/A         4

Dungeon Overview and Level Annotations

Branches:
Dungeon (15/15) Zot: 24928  Temple (0/1) D:6            Lair (5/5) D:9 Zot: 24329
  Swamp (1/4) Lair:2 Zot: 5798  Spider (0/4) Lair:3        Slime (0/5) Lair:4
    Orc (2/2) D:11 Zot: 9936     Elf (0/3) Orc:2        Vaults (0/5) D:14
 Depths (0/4) D:15

Altars:
Ashenzari
Cheibriados
Dithmenos
Elyvilon
Fedhas
Gozag
Hepliaklqana
Kikubaaqudgha
Okawaru
Sif Muna
Trog
Uskayaw
Vehumet
Xom
Yredelemnul
The Shining One
Jiyva
Lugonu

Shops:
D:6 ![[(   D:11 [=!*   Orc:1 (   Orc:2 *[=(

Portals:
Abyss: Lair:5

Annotations:
D:3 1 runed translucent door, SirDiesAlot's ghost, weakling MfEn
D:4 3 runed translucent doors, justen's ghost, amateur DrSh
D:6 exclusion: statue
D:10 2 transporters, exclusion: oklob plant, PowderKeg's ghost, journeyman OpSh
D:11 1 runed translucent door, 2 transporters, Thrassey's ghost, journeyman DsMo
Lair:1 exclusion: 3 oklob plants


Innate Abilities, Weirdness & Mutations

You are a creature with a mouth for a stomach.
Your midsection houses a second, enormous mouth.
You are flying.
You can breathe wild blasts of lightning.
Your glossy black scales are hard. (AC +9)
You cannot fit into any form of body armour.
Your large and strong wings let you fly.
You are resistant to electric shocks. (rElec)
You are cold-blooded and may be slowed by cold attacks.


Message History

You bite the spriggan druid.
With its final breath, the spriggan druid offers up its power to the beasts of the wild!
The six-headed hydra seems to grow more fierce.
You kill the spriggan druid!
Aiming: Iceblast
Press: ? - help, Shift-Dir - straight line, f - six-headed hydra
Aim: a six-headed hydra (strong)
The mass of ice explodes!
The iceblast engulfs the six-headed hydra!
The six-headed hydra is lightly wounded.
Aiming: Iceblast
Press: ? - help, Shift-Dir - straight line, f/p - six-headed hydra
Aim: a six-headed hydra (lightly wounded, strong)
The mass of ice explodes!
The iceblast engulfs the six-headed hydra!
The six-headed hydra is moderately wounded.
Aiming: Iceblast
Press: ? - help, Shift-Dir - straight line, f/p - six-headed hydra
Aim: a six-headed hydra (moderately wounded, strong)
The mass of ice explodes!
The iceblast engulfs the six-headed hydra!
The six-headed hydra is heavily wounded.
You barely miss the six-headed hydra. You bite the six-headed hydra!!
The six-headed hydra is severely wounded.
The six-headed hydra bites you!
The six-headed hydra completely misses you.
The six-headed hydra bites you!
* * * LOW HITPOINT WARNING * * *
The six-headed hydra bites you!
* * * LOW HITPOINT WARNING * * *
The six-headed hydra barely misses you.
The six-headed hydra closely misses you.
You punch the six-headed hydra! You bite the six-headed hydra.
The six-headed hydra is almost dead.
The six-headed hydra bites you!
* * * LOW HITPOINT WARNING * * *
The six-headed hydra bites you!
* * * LOW HITPOINT WARNING * * *
The six-headed hydra bites you!!
You die...

♣♣ ♣.~.°~°...♣♣ ♣♣♣♣♣~
♣♣~♣♣♣♣†~~.♣
♣.....♣♣♣♣♣♣♣♣♣♣♣..~~~♣
♣...~..♣~.~♣♣§....~~..♣
♣..~~~...~~~♣.~~~~~~~.♣
♣~.~~~~~~§~~~.~§~~~~.~♣
♣♣..~~~§~~~~..~~~~~.♣♣♣
~~♣~.~..)..~~......~♣♣
~.~..~.~W~......)♣♣♣♣♣♣
~♣♣......D~..~♣♣♣~....♣♣
♣♣♣..~§.......~♣.....♣♣ ♣♣♣
♣♣~.~~......~♣.~~~~~~♣ ~~.♣♣
♣~~~~~~.~~~†♣..~~~~~.♣ .~~..♣
♣♣~~~~~~~~~.)..~~~~~~. ....♣♣
♣...~~~~~~)~~....~~..
♣♣~~~.♣♣♣♣~...~~~~~).~~...~...
♣♣.~~~~~~~♣§.♣.~~~...~~~~~....♣


You could see a six-headed hydra (strong).

Vanquished Creatures
  Rupert (D:12)
  Jorgrun (D:15)
  Frances (D:12)
  2 orc warlords (Orc:2)
  Nessos (Lair:4)
  A bunyip (Swamp:1)
  Snorg (Lair:4)
  Josephine (Lair:5)
  8 hydras
  An ice dragon (D:12)
  Harold (D:9)
  8 centaur warriors
  3 alligators (Swamp:1)
  9 two-headed ogres
  A catoblepas (D:14)
  2 boulder beetles
  The ghost of mortress the Mimic, a novice DrSh of Fedhas (D:9)
  11 death yaks (Lair:5)
  A vampire mage (D:15)
  5 orc high priests
  2 thrashing horrors (Lair:5)
  2 skysharks
  A pharaoh ant (Lair:3)
  A goliath frog (Swamp:1)
  6 skeletal warriors
  2 swamp dragons (Swamp:1)
  A spark wasp zombie (D:15)
  2 spriggan druids (Swamp:1)
  2 arcanists
  A necromancer (D:15)
  6 orc knights
  A deep elf pyromancer (D:12)
  2 large abominations (Lair:5)
  A cyclops (D:13)
  6 orc sorcerers
  A salamander (shapeshifter) (D:14)
  11 ugly things
  3 manticores
  6 elephants (Lair:5)
  An ice statue (D:14)
  Joseph (D:9)
  2 black mambas
  A guardian serpent (shapeshifter) (D:13)
  2 smoke demons (Lair:5)
  13 cane toads
  A torpor snail (shapeshifter) (Lair:5)
  A gargoyle (D:12)
  7 rime drakes
  3 unseen horror zombies (D:9)
  An efreet (D:15)
  5 komodo dragons
  4 yaktaurs (D:15)
  A freezing wraith (D:15)
  7 trolls
  A queen bee (shapeshifter) (D:14)
  3 meliai (D:13)
  4 polar bears
  2 tyrant leeches (Swamp:1)
  3 hornets
  2 raiju (Lair:5)
  6 slime creatures (D:15)
  18 blink frogs
  5 dream sheep (Lair:5)
  A raiju (shapeshifter) (Lair:5)
  5 centaur simulacra (D:12)
  4 spriggans
  A yak (shapeshifter) (D:13)
  A water elemental (D:12)
  2 spriggan skeletons (D:15)
  4 wraiths
  3 wyverns
  A wyvern (shapeshifter) (D:14)
  5 basilisks (Lair:5)
  3 chaos spawn (Lair:5)
  A redback (Lair:3)
  30 yaks
  2 steam dragons
  8 vampire mosquitoes
  A basilisk (shapeshifter) (D:10)
  5 wargs
  3 acid dragons
  2 swamp worms (Swamp:1)
  16 water moccasins
  4 ice beasts
  A swamp drake (Swamp:1)
  4 black bears
  33 orc warriors
  3 sky beasts
  15 ogres
  16 centaurs
  7 wolves
  2 phantoms (D:7)
  7 bullfrogs
  A kobold brigand (D:10)
  2 gnoll sergeants
  12 small abominations (Lair:5)
  5 scorpions
  9 wights
  4 killer bees (D:8)
  2 electric eels (D:12)
  2 howler monkeys
  3 centaur zombies (D:9)
  5 hounds
  2 gnoll boudas
  13 orc priests
  A jelly (D:6)
  Ijyb (D:4)
  15 orc wizards
  4 sleepcaps
  7 iguanas
  2 killer bee zombies (D:9)
  2 boggart simulacra (D:12)
  A howler monkey zombie (D:9)
  25 gnolls
  11 adders
  2 shadow imps (D:7)
  3 white imps
  4 ufetubi (D:12)
  2 worms
  A dart slug (D:4)
  86 orcs
  8 ball pythons
  7 bats
  9 endoplasms
  2 giant cockroaches
  6 goblins
  5 hobgoblins
  2 jackals (D:2)
  3 quokkas
  6 frilled lizards
  12 kobolds
  8 rats
696 creatures vanquished.

Vanquished Creatures (collateral kills)
  An orc warrior (Orc:2)
1 creature vanquished.

Vanquished Creatures (others)
  A yak (D:12)
1 creature vanquished.

Grand Total: 698 creatures vanquished

Notes
Turn   | Place    | Note
-------+----------+-------------------------------------------
     0 | D:1      | Zeldest the Draconian Shapeshifter began the quest for the
                  | Orb.
     0 | D:1      | Reached XP level 1. HP: 16/16 MP: 1/1
   173 | D:1      | Reached XP level 2. HP: 14/23 MP: 2/2
   423 | D:2      | Noticed a scorpion
   423 | D:2      | Found a faded altar of an unknown god.
   447 | D:1      | Killed a scorpion
   448 | D:1      | Reached XP level 3. HP: 13/29 MP: 3/3
   448 | D:1      | Reached XP level 4. HP: 17/36 MP: 4/4
   669 | D:2      | Reached XP level 5. HP: 25/42 MP: 5/5
  1397 | D:3      | Found a runed translucent door.
  1574 | D:3      | Found a broken altar of Ashenzari.
  1578 | D:3      | Found a blossoming altar of Fedhas.
  1639 | D:3      | Noticed SirDiesAlot's ghost (weakling MfEn)
  1982 | D:4      | Found an ancient bone altar of Kikubaaqudgha.
  2096 | D:4      | Noticed justen's ghost (amateur DrSh)
  2104 | D:4      | Noticed a steam dragon
  2106 | D:4      | Found a runed translucent gate.
  2106 | D:4      | Found a runed translucent gate.
  2106 | D:4      | Found a runed translucent gate.
  2174 | D:4      | Found a white marble altar of Elyvilon.
  2177 | D:4      | Found an opulent altar of Gozag.
  2235 | D:4      | Noticed Ijyb
  2269 | D:4      | Killed Ijyb
  2424 | D:4      | Reached XP level 6. HP: 25/51 MP: 6/6
  2615 | D:4      | Found a glowing golden altar of the Shining One.
  2749 | D:4      | Found a faded altar of an unknown god.
  2751 | D:4      | Found a hazy altar of Hepliaklqana.
  2910 | D:5      | Entered Level 5 of the Dungeon
  3305 | D:5      | Your scales start taking on a glossy black colour.
  3305 | D:5      | Reached XP level 7. HP: 34/59 MP: 7/7
  3305 | D:5      | Gained mutation: You are resistant to electric shocks.
                  | (rElec) [Black Draconian growth]
  3456 | D:3      | Found a hide-covered altar of Uskayaw.
  3456 | D:3      | Found a snail-covered altar of Cheibriados.
  3459 | D:3      | Found a shimmering blue altar of Sif Muna.
  3472 | D:3      | Became a worshipper of Ashenzari the Shackled
  3647 | D:5      | Reached skill level 5 in Unarmed Combat
  4073 | D:5      | Reached skill level 5 in Shapeshifting
  4448 | D:6      | Found Quwus's Distillery.
  4501 | D:6      | Found Peiges's Antique Armour Shoppe.
  4512 | D:6      | Reached XP level 8. HP: 56/67 MP: 8/8
  4531 | D:6      | Found Jyesam's Antique Armour Shoppe.
  4536 | D:6      | Bought a pair of glowing gloves for 217 gold pieces
  4558 | D:6      | Reached skill level 5 in Fighting
  4558 | D:6      | Found Laciugikk's Weapon Boutique.
  4688 | D:6      | Found a staircase to the Ecumenical Temple.
  4757 | D:6      | Found Xopp's Antique Weapon Shop.
  4804 | D:6      | Found a radiant altar of Vehumet.
  5033 | D:6      | Found a shimmering altar of Xom.
  5294 | D:7      | Reached XP level 9. HP: 29/75 MP: 9/9
  5414 | D:7      | Found a shadowy altar of Dithmenos.
  5446 | D:7      | Identified the cursed ring of the Perceptive Prison {rN+,
                  | Bglg, Cun} (You found it on level 2 of the Dungeon)
  6536 | D:7      | Reached * piety under Ashenzari
  6798 | D:8      | Found a bloodstained altar of Trog.
  6829 | D:8      | Reached XP level 10. HP: 53/86 MP: 0/10
  7255 | D:8      | Reached ** piety under Ashenzari
  7441 | D:8      | Identified the orb "Runyli" {light, +Blink}
  7799 | D:9      | Found a transporter.
  7799 | D:9      | Noticed Harold
  7816 | D:9      | Killed Harold
  7825 | D:9      | Reached skill level 10 in Unarmed Combat
  7829 | D:9      | Noticed Joseph
  7836 | D:9      | Killed Joseph
  7852 | D:9      | Identified the cursed +2 pair of gloves "Tethered With Me"
                  | {hurl, Cun, Melee} (You bought it in a shop on level 6 of
                  | the Dungeon)
  8081 | D:9      | Noticed a two-headed ogre
  8082 | D:9      | Identified the +3 dire flail "Transmigrator" {antimagic,
                  | rElec rF- Int+3}
  8082 | D:9      | Noticed a two-headed ogre
  8084 | D:9      | Noticed mortress's ghost (novice DrSh)
  8085 | D:9      | Noticed a two-headed ogre
  8100 | D:9      | Found a transporter.
  8270 | D:9      | Found a staircase to the Lair.
  8312 | D:9      | Found a basalt altar of Yredelemnul.
  8389 | D:9      | Noticed a two-headed ogre
  8576 | D:9      | Found an iron altar of Okawaru.
  8664 | D:10     | Entered Level 10 of the Dungeon
  8835 | D:10     | Reached skill level 10 in Shapeshifting
  9145 | D:10     | Noticed PowderKeg's ghost (journeyman OpSh)
  9146 | D:10     | Noticed a two-headed ogre
  9160 | D:10     | Noticed a two-headed ogre
  9165 | D:10     | Found a transporter.
  9178 | D:10     | Reached XP level 11. HP: 89/95 MP: 11/11
  9484 | D:10     | Found a transporter.
  9484 | D:10     | Noticed an oklob plant
  9959 | D:11     | Found Womiorucs's Assorted Antiques.
  9965 | D:11     | Bought a potion of curing for 78 gold pieces
 10069 | D:11     | Found a staircase to the Orcish Mines.
 10211 | D:11     | Found a runed translucent door.
 10212 | D:11     | Noticed Thrassey's ghost (journeyman DsMo)
 10331 | D:11     | Found a transporter.
 10336 | D:11     | Found Sunget's Distillery.
 10360 | D:11     | Paralysed by a hornet for 2 turns
 10565 | D:11     | Found Jitor's Jewellery Shoppe.
 10569 | D:11     | Found Qugug's Armour Boutique.
 10571 | D:11     | Bought an amulet of regeneration for 420 gold pieces
 11150 | D:11     | Found a transporter.
 11323 | D:12     | Noticed a two-headed ogre
 11326 | D:12     | Killed a two-headed ogre
 11392 | D:12     | Noticed a purple ugly thing
 11392 | D:12     | Noticed a deep elf pyromancer
 11413 | D:12     | Killed a purple ugly thing
 11446 | D:12     | Killed a deep elf pyromancer
 11552 | D:12     | Noticed an ice dragon
 11552 | D:12     | Identified the +1 battleaxe of Callousness {freeze, Int+4}
 11555 | D:12     | Noticed Frances
 11564 | D:12     | Noticed a sixfirhy
 11754 | Lair:1   | Entered Level 1 of the Lair of Beasts
 11970 | Lair:1   | Identified the +4 trident of Ruination {flame, rElec rF+}
 12180 | Lair:1   | Found a dark tunnel.
 12377 | Lair:1   | Found a hide-covered altar of Uskayaw.
 12393 | Lair:1   | Noticed an oklob plant
 12394 | Lair:1   | Noticed an oklob plant
 12394 | Lair:1   | Noticed an oklob plant
 12585 | Lair:2   | You fall into a shaft and drop 2 floors!
 12609 | Lair:4   | Reached XP level 12. HP: 110/110 MP: 12/12
 12611 | Lair:4   | Reached skill level 10 in Fighting
 12716 | Lair:4   | Found a viscous altar of Jiyva.
 12716 | Lair:4   | Found a hide-covered altar of Uskayaw.
 12717 | Lair:4   | Found a staircase to the Slime Pits.
 12885 | Lair:3   | Found a hole to the Spider Nest.
 13061 | Lair:2   | Identified the +6 leather armour of Dyivioto {Str+2 Dex+4}
 13061 | Lair:2   | Found a snail-covered altar of Cheibriados.
 13126 | Lair:2   | Found a staircase to the Swamp.
 14304 | Lair:4   | Noticed Nessos
 14384 | Lair:4   | Noticed Snorg
 14393 | Lair:4   | Killed Snorg
 14709 | Lair:4   | HP: 1/134 [Nessos/arrow (7)]
 14716 | Lair:4   | Killed Nessos
 15337 | Lair:5   | Entered Level 5 of the Lair of Beasts
 15337 | Lair:5   | Noticed a seven-headed hydra
 15337 | Lair:5   | Noticed a five-headed hydra
 15367 | Lair:4   | Killed a seven-headed hydra
 15477 | Lair:4   | Upgraded the game from 0.31-a0-963-ga325b2283a to
                  | 0.31-a0-1074-g0b22e4e0f1
 15734 | D:12     | Killed an ice dragon
 15866 | D:12     | Noticed a two-headed ogre
 15880 | D:12     | Killed a two-headed ogre
 15881 | D:12     | Reached XP level 13. HP: 90/118 MP: 13/13
 15930 | D:12     | Reached *** piety under Ashenzari
 15977 | D:12     | Noticed Rupert
 15994 | D:12     | Killed Rupert
 16396 | D:12     | Killed Frances
 16775 | D:13     | Reached skill level 5 in Dodging
 16830 | D:13     | Reached skill level 1 in Spellcasting
 17012 | D:9      | Killed mortress's ghost
 17111 | D:11     | Bought a scroll of enchant armour for 195 gold pieces
 17440 | D:13     | Reached skill level 15 in Unarmed Combat
 17442 | D:13     | Reached skill level 1 in Air Magic
 17579 | D:13     | Identified the cursed +1 cloak of the Fated Foul Odours
                  | {Elem, Comp} (You found it on level 9 of the Dungeon)
 17959 | D:14     | Gained mutation: Your large and strong wings let you fly.
                  | [Black Draconian growth]
 17959 | D:14     | Reached XP level 14. HP: 127/132 MP: 21/21
 18023 | D:14     | Found a gate to the Vaults.
 18494 | D:14     | Identified a scroll of acquirement
 18510 | D:14     | Acquired 681 gold pieces
 18837 | D:15     | Entered Level 15 of the Dungeon
 18919 | D:14     | Reached skill level 1 in Summonings
 19021 | D:15     | Noticed Jorgrun
 19432 | D:15     | Killed Jorgrun
 19596 | D:15     | Reached skill level 5 in Air Magic
 19624 | D:15     | Learned a level 4 spell: Summon Lightning Spire
 19713 | D:15     | Found a staircase to the Depths.
 19735 | D:15     | Paralysed by an orc sorcerer for 3 turns
 21287 | Lair:5   | Found the amulet of the Four Winds {rN+ Will+++ Clar}
 21416 | Lair:5   | Reached XP level 15. HP: 137/137 MP: 21/21
 21429 | Lair:5   | Reached skill level 15 in Shapeshifting
 21449 | Lair:5   | Reached skill level 5 in Summonings
 21510 | Lair:5   | Noticed Josephine
 21518 | Lair:5   | Killed Josephine
 22460 | Lair:5   | Identified the +0 triple crossbow of Havoc {flame, Drain
                  | rCorr SInv}
 22462 | Lair:5   | Found a corrupted altar of Lugonu.
 22462 | Lair:5   | Found a one-way gate to the infinite horrors of the Abyss.
 22774 | Orc:1    | Entered Level 1 of the Orcish Mines
 22981 | Orc:1    | Found Zowk's Antique Weapon Boutique.
 23173 | Orc:2    | Entered Level 2 of the Orcish Mines
 23180 | Orc:2    | Found Hiyhex's Antique Weapon Emporium.
 23362 | Orc:2    | Found a staircase to the Elven Halls.
 23512 | Orc:2    | Found Wocwier's General Store.
 23658 | Orc:2    | Found Goizeugg's Jewellery Shoppe.
 24048 | Orc:2    | Bought a talisman of death for 1120 gold pieces
 24201 | Orc:2    | Found Uveffoudio's Antique Armour Emporium.
 25053 | Swamp:1  | Entered Level 1 of the Swamp
 25148 | Swamp:1  | Identified the +5 orcbow of the Thieving Vulture {drain,
                  | Str+3}
 25172 | Swamp:1  | Reached XP level 16. HP: 103/149 MP: 24/24
 25267 | Swamp:1  | Mangled by a six-headed hydra

Illustrated notes

Levels and vault maps discovered:
D:1:      giann_bridges, layout_rooms
D:2:      layout_basic, nicolae_ecumenical_pavilion
D:3:      layout_rooms, nicolae_overflow_hidden_temple, ebering_ghost_sewer_d
D:4:      layout_cave_pools, beargit_hepliaklqana_dungeon_heroes,
          mainiacjoe_overflow_catwalk, mainiacjoe_overflow_surrounded_room,
          nicolae_tso_swordbearing_angel, nicolae_gozag_seed_capital,
          gammafunk_ghost_split, st_stairs_12, due_unseen_surprise, uniq_ijyb
D:5:      minmay_polygon_palace, layout_basic
D:6:      layout_rooms, vehumet_statue, tgw_xom,
          minmay_temple_entry_gardened_gates, serial_shops,
          kennysheep_little_box, nicolae_shop_stone, shop,
          nicolae_shop_statue_plus, nicolae_shop_scrapyard,
          kennysheep_generic_room_2
D:7:      cheibrodos_barr_body, layout_loops_corners,
          mainiacjoe_overflow_small_starburst
D:8:      layout_basic, trog_antimagical
D:9:      nicolae_BIG_FREAKIN_CUBE, layout_irregular_city,
          nicolae_yredelemnul_corpse_copse, kennysheep_okawaru_gauntlet,
          lair_entry_dummy, gammafunk_ghost_smash, uniq_joseph, uniq_harold
D:10:     layout_stronghold, nzn_ghost_randoct
D:11:     layout_basic, orc_0_dummy, hellmonk_ghost_big_iron, serial_shops,
          nicolae_shop_hallway_plus, nicolae_shop_drivethru, shop, shop,
          dk_vineyard_3, minivault_25, serial_park_tiny_2
D:12:     minmay_coctagon, layout_loops_corners, serial_ice, serial_ice_i,
          serial_ice_g, serial_ice_e, serial_ice_f, serial_ice_d, serial_ice_n,
          portal_ice_cave_rime, minmay_misc_feat_tower,
          minmay_misc_feat_columns, uniq_frances, uniq_rupert
D:13:     layout_roguey [special_room_orc]
D:14:     lemuel_ice_statue, layout_gridville, david_vaults_4,
          serial_park_square2
D:15:     gammafunk_depths_entry_grave, layout_layer_cave,
          grunt_decor_arrowhead, uniq_jorgrun
Lair:1:   minmay_lair_oklob_chamber, layout_loops_ring, basic_altar,
          nicolae_volcano_entry_two_sided, infiniplex_staircase_pool_2,
          serial_bayou_shore_b
Lair:2:   layout_gridlike, swamp_mist_pool, basic_altar, serial_bayou_pond_d
Lair:3:   layout_cave_pods, nicolae_spider_entry_lesser_pyramids
Lair:4:   layout_small_grid, slime_entry_1, basic_altar, uniq_snorg, uniq_nessos
Lair:5:   hellmonk_lair_end_abyssal_woods, layout_loops_ring,
          grunt_megastairs_3, lemuel_fruit_tree, uniq_josephine
Swamp:1:  layout_basic_swamp, infiniplex_staircase_pool, swamp_pool_3
Orc:1:    layout_caves, serial_shops, nicolae_shop_just_a_little_nook
Orc:2:    grunt_orc_gardens, layout_diamond_mine, grunt_orc_garden,
          grunt_orc_garden, grunt_orc_garden, grunt_orc_garden,
          minmay_orc_barracks

Skill      XL: |  1  2  3  4  5  6  7  8  9 10 11 12 13 14 15 16 |
---------------+-------------------------------------------------+-----
Dodging        | 2 3 4 5 6 |  6.2
Fighting       | 2 3 4 6 7 8 9 11 12 13 | 13.5
Unarmed Combat | 4 5 7 9 10 12 14 15 16 | 16.6
Shapeshifting  | 4 5 6 8 10 11 13 14 15 16 | 16.1
Spellcasting   | 2 3 |  3.9
Air Magic      | 2 6 8 |  8.4
Summonings     | 4 6 |  6.4

Action                     |  1- 3 |  4- 6 |  7- 9 | 10-12 | 13-15 | 16-18 || total
---------------------------+-------+-------+-------+-------+-------+-------++-------
  Melee: Unarmed           |    52 |   263 |   312 |   500 |   990 |    18 ||  2135
         Tailslap          |     9 |    38 |    46 |    23 |   222 |     4 ||   342
         Constrict         |       |       |       |    83 |       |       ||    83
         Punch             |       |       |       |     8 |   121 |       ||   129
         Maw               |       |       |       |       |   376 |    10 ||   386
   Cast: Summon Lightning  |       |       |       |       |     8 |       ||     8
 Invoke: Curse Item        |       |       |     2 |     2 |     3 |       ||     7
         Shatter the Chain |       |       |       |     1 |     2 |       ||     3
Ability: Breathe Lightning |       |       |     7 |     1 |     4 |       ||    12
  Evoke: Wand              |       |     2 |       |     1 |    11 |     3 ||    17
    Use: Potion            |       |     2 |     1 |     9 |     4 |     3 ||    19
         Scroll            |       |     1 |       |     3 |     3 |     1 ||     8
   Stab: Confused          |       |       |     3 |       |       |       ||     3
         Invisible         |       |       |       |     5 |       |       ||     5
         Sleeping          |       |       |       |     3 |     2 |       ||     5
         Petrified         |       |       |       |       |     6 |       ||     6
         Distracted        |       |       |       |       |     2 |       ||     2
 Armour: Skin              |    18 |    89 |   185 |   404 |   474 |    12 ||  1182
  Dodge: Dodged            |    59 |   195 |   325 |   423 |   793 |    10 ||  1805
   Form: Flux              |     1 |       |       |       |       |       ||     1
         Anaconda          |       |       |       |     2 |     1 |       ||     3
         Blade             |       |       |       |     1 |       |       ||     1
         Maw               |       |       |       |       |     3 |       ||     3
         Death             |       |       |       |       |     1 |       ||     1

Table legend: (Time is in decaauts)
 A = Elapsed time spent in this place.
 B = Non-inter-level travel time spent in this place.
 C = Inter-level travel time spent in this place.
 D = Time resting spent in this place.
 E = Time spent auto-exploring this place.
 F = Levels seen in this place.
 G = Mean time per level.
                   A        B        C        D        E       F      G
               +--------+--------+--------+--------+--------+-----+--------+
         Total |  24817 |  22299 |   2518 |   4577 |  12548 |  23 | 1079.0 |
       Dungeon |  16883 |  15166 |   1717 |   2919 |   8686 |  15 | 1125.5 |
          Lair |   5670 |   4928 |    742 |    704 |   3144 |   5 | 1134.0 |
         Swamp |    200 |    200 |      0 |     55 |      1 |   1 |  200.0 |
  Orcish Mines |   2063 |   2004 |     59 |    899 |    717 |   2 | 1031.5 |
               +--------+--------+--------+--------+--------+-----+--------+

Top non-repeatable levels by time:
    D:11: 1601 daAuts
     D:9: 1484 daAuts
  Lair:5: 1475 daAuts
  Lair:4: 1467 daAuts
    D:15: 1394 daAuts
    D:10: 1297 daAuts
     D:7: 1291 daAuts
     D:5: 1284 daAuts
   Orc:2: 1253 daAuts
    D:12: 1245 daAuts
    D:14: 1238 daAuts
     D:8: 1194 daAuts
  Lair:3: 1190 daAuts
     D:4: 1163 daAuts
    D:13: 911 daAuts
